 Dungeon Crawl Stone Soup version 0.31.0 (webtiles) character file.

Game seed: 15955540324770403868

6163 Eitelfritz the Thaumaturge (level 10, -6/67 HPs)
             Began as a Demonspawn Ice Elementalist on Jan 19, 2024.
             Was the Champion of Uskayaw.
             Mangled by a boulder beetle (14 damage)
             ... on level 8 of the Dungeon.
             The game lasted 00:29:02 (8204 turns).

Eitelfritz the Thaumaturge (DsIE)                   Turns: 8204, Time: 00:29:02

Health: -6/67      AC:  9    Str: 11    XL:     10   Next: 60%
Magic:  0/23       EV: 21    Int: 18    God:    Uskayaw [******]
Gold:   879        SH:  0    Dex: 13    Spells: 13/28 levels left

rFire   . . .        a - +0 dagger (protect)
rCold   . . .        (no shield)
rNeg    . . .        G - +0 troll leather armour
rPois   .            (no helmet)
rElec   .            r - +0 cloak
rCorr   .            y - +2 pair of gloves
SInv    .            e - +1 pair of boots
Will    .....        (no amulet)
Stlth   ++           p - +5 ring of evasion
HPRegen 1.11/turn    g - ring of wizardry
MPRegen 0.36/turn

%: repel missiles, guardian spirit, wizardry (x1)
@: freezing walls
A: repulsion field 3, spiny 1, magic shield, magic regeneration, magic link
a: Renounce Religion, Stomp, Line Pass, Grand Finale


You were on level 8 of the Dungeon.
You worshipped Uskayaw.
Uskayaw was noncommittal.
You visited 2 branches of the dungeon, and saw 9 of its levels.

You collected 1194 gold pieces.
You spent 315 gold pieces at shops.

Inventory:

Hand Weapons
 a - a +0 dagger of protection (weapon)
 b - a +0 shortbow
 n - a +1 dagger
 A - a +0 quarterstaff
Missiles
 s - 36 poisoned darts
 v - a throwing net
Armour
 e - a +1 pair of boots (worn)
 j - the +0 robe "Ifesuzu" {SInv}
   (You found it on level 5 of the Dungeon)

   SInv:      It lets you see invisible.
 m - the +1 ring mail "Kedynkat" {rN++ Dex+3}
   (You found it on level 2 of the Dungeon)

   Dex+3:     It affects your dexterity (+3).
   rN++:      It greatly protects you from negative energy.
 r - a +0 cloak (worn)
 y - a +2 pair of gloves (worn)
 G - a +0 troll leather armour (worn)
Jewellery
 c - a +6 ring of intelligence
 g - a ring of wizardry (right hand)
 o - a +4 ring of protection
 p - a +5 ring of evasion (left hand)
Wands
 x - a wand of iceblast (8)
 z - a wand of polymorph (7)
Scrolls
 k - a scroll of revelation
 q - 2 scrolls of fog
 B - 2 scrolls of identify
 C - a scroll of enchant armour
 D - a scroll of vulnerability
 H - a scroll of summoning {unknown}
Potions
 d - a potion of might
 f - 2 potions of attraction
 h - a potion of enlightenment
 i - 3 potions of lignification
 l - 2 potions of mutation
 t - a potion of magic
 u - a potion of haste
 w - a potion of heal wounds {unknown}
 E - 2 potions of ambrosia {unknown}
 F - a potion of curing


   Skills:
 + Level 2.1 Fighting
 + Level 3.6 Short Blades
 + Level 1.0 Armour
 + Level 4.0 Dodging
 + Level 3.6 Stealth
 + Level 0.3 Unarmed Combat
 + Level 9.7 Spellcasting
 + Level 3.3 Summonings
 + Level 9.0 Ice Magic
 * Level 3.1 Invocations


You had 13 spell levels left.
You knew the following spells:

 Your Spells              Type           Power      Damage    Failure   Level
a - Freeze                Ice            100%       1d10      1%          1
b - Frozen Ramparts       Ice            82%        1d13      1%          3
c - Ozocubu's Armour      Ice            41%        N/A       1%          3
d - Summon Ice Beast      Ice/Summ       31%        N/A       1%          3
e - Call Imp              Summ           40%        N/A       1%          2
f - Blink                 Tloc           16%        N/A       6%          2
g - Magic Dart            Conj           32%        1d4       4%          1

Your spell library contained the following spells:

 Spells                   Type           Power      Damage    Failure   Level
 Inner Flame              Hex/Fire       8%         N/A       13%         3
 Flame Wave               Conj/Fire      8%         2d5       38%         4
 Sticky Flame             Fire/Alch      8%         2d4       38%         4


Dungeon Overview and Level Annotations

Branches:
Dungeon (8/15)             Temple (1/1) D:6
   Lair: D:8-11

Altars:
Ashenzari
Cheibriados
Gozag
Hepliaklqana
Kikubaaqudgha
Makhleb
Qazlal
Ru
Sif Muna
Trog
Uskayaw
Vehumet
Xom
Yredelemnul

Shops:
D:6 *


Innate Abilities, Weirdness & Mutations

You are surrounded by a strong repulsion field. (EV +4, RMsl)
You are partially covered in sharp spines.
When hurt, damage is shared between your health and your magic reserves.
You regenerate magic rapidly.
When low on magic, you restore magic in place of health.


Message History

Your Ice Magic skill increases to level 9!
Your Invocations skill increases to level 3!
The helpless boulder beetle fails to defend itself.
You hit the boulder beetle.
The boulder beetle is moderately wounded.
The boulder beetle is no longer paralysed.
The wall freezes the killer bee.
The boulder beetle bites you but does no damage.
Unknown command.
You hit the boulder beetle.
The boulder beetle is moderately wounded.
The killer bee is no longer paralysed.
The wall freezes the killer bee. x2
The boulder beetle leaps!
Unknown command.
The boulder beetle is no longer sharing its pain.
The killer bee is no longer sharing its pain.
The wall freezes the killer bee.
The killer bee is struck by your spines.
You kill the killer bee!
The boulder beetle curls into a ball and begins rolling!
Your ice beast hits the boulder beetle but does no damage.
The boulder beetle hits your ice beast!!
Your ice beast dies!
Your ice beast disappears in a puff of smoke!
The boulder beetle stops rolling and uncurls.
The boulder beetle curls into a ball and begins rolling!
The frozen ramparts melt away.
Casting: Summon Ice Beast (safe; 1% risk of failure)
Confirm with . or Enter, or press ? or * to list all spells.
Casting: Frozen Ramparts (safe; 1% risk of failure)
Press: ? - help, Dir - look around, f - activate The walls around you are covered in ice.
The boulder beetle hits you!!!
Ouch! That really hurt!
* * * LOW HITPOINT WARNING * * *
The boulder beetle stops rolling and uncurls.
You completely miss the boulder beetle.
The boulder beetle is moderately wounded.
The boulder beetle bites you!!
You die...

...........#...##8##...#.........
#####.....##'#########)##........
##....#..#.......#..#........
#....#..#.⌠...⌠.#..#........
#...##..#....⌠..#..#........
##..####.'...⌠...'.##........
#...# ###..⌠....###.........
#..## #.⌠B..⌠.##.......... #..#
#..@....###.......## ##..#
####)#### ##.....## #..## #)#
##...## #..# ... #....### #..#
.F... #.....#. ###..# .......
##....... ##....# .........
#........ .....## ...c??.....
#........ .....#
.F.c!)#!%..y.#........


You could see a boulder beetle.

Vanquished Creatures
  2 centaur warriors (D:8)
  Joseph (D:7)
  A troll (D:8)
  A spriggan (shapeshifter) (D:8)
  2 wyverns (D:8)
  2 water moccasins
  An acid dragon (D:8)
  An orc warrior (D:8)
  2 ice beasts
  A black bear (D:8)
  3 sky beasts (D:8)
  An ogre (D:4)
  A centaur (D:7)
  A kobold brigand (D:6)
  4 bullfrogs
  2 scorpions (D:6)
  A gnoll sergeant (D:8)
  4 wights
  2 jellies
  A killer bee (D:8)
  2 howler monkeys (D:8)
  2 bombardier beetles
  6 orc priests
  4 hounds
  Jessica (D:3)
  A gnoll bouda (D:6)
  3 iguanas
  7 orc wizards
  6 gnolls
  6 adders
  3 shadow imps (D:6)
  2 white imps
  2 ufetubi (D:5)
  3 ribbon worms
  3 dart slugs
  23 orcs
  5 ball pythons
  7 bats
  4 endoplasms
  4 giant cockroaches
  5 goblins
  5 hobgoblins
  3 jackals (D:3)
  2 quokkas
  A frilled lizard (D:3)
  18 kobolds
  4 rats
166 creatures vanquished.

Vanquished Creatures (collateral kills)
  A two-headed ogre (D:8)
  Grinder (D:6)
  An orc warrior (D:7)
  A kobold brigand (D:8)
  2 wights (D:7)
  A bombardier beetle (D:6)
  An orc priest (D:7)
  2 orcs
  A kobold (D:8)
11 creatures vanquished.

Vanquished Creatures (others)
  2 bullfrogs (D:7)
  A howler monkey (D:7)
3 creatures vanquished.

Grand Total: 180 creatures vanquished

Notes
Turn   | Place    | Note
-------+----------+-------------------------------------------
     0 | D:1      | Eitelfritz the Demonspawn Ice Elementalist began the quest
                  | for the Orb.
     0 | D:1      | Reached XP level 1. HP: 13/13 MP: 3/3
   277 | D:1      | Found a faded altar of an unknown god.
   411 | D:1      | Gained mutation: You are surrounded by a mild repulsion
                  | field. (EV +2) [demonic ancestry]
   411 | D:1      | Reached XP level 2. HP: 19/19 MP: 3/5
  1367 | D:2      | Gained mutation: You regenerate magic rapidly. [demonic
                  | ancestry]
  1367 | D:2      | Reached XP level 3. HP: 21/24 MP: 1/7
  1372 | D:2      | Learned a level 3 spell: Frozen Ramparts
  1376 | D:2      | Learned a level 3 spell: Ozocubu's Armour
  2073 | D:2      | Identified the +1 ring mail "Kedynkat" {rN++ Dex+3}
  2241 | D:3      | Found a basalt altar of Yredelemnul.
  2243 | D:3      | Gained mutation: You are surrounded by a moderate repulsion
                  | field. (EV +3) [demonic ancestry]
  2243 | D:3      | Reached XP level 4. HP: 30/30 MP: 6/8
  2618 | D:3      | Noticed Jessica
  2631 | D:3      | Killed Jessica
  2632 | D:3      | Gained mutation: You are surrounded by a strong repulsion
                  | field. (EV +4, RMsl) [demonic ancestry]
  2632 | D:3      | Reached XP level 5. HP: 22/35 MP: 4/10
  2982 | D:3      | Identified a scroll of acquirement
  2982 | D:3      | Acquired 767 gold pieces
  3074 | D:4      | Learned a level 3 spell: Summon Ice Beast
  3187 | D:4      | Noticed an ogre
  3199 | D:4      | Killed an ogre
  3200 | D:4      | Gained mutation: You are partially covered in sharp spines.
                  | [demonic ancestry]
  3200 | D:4      | Reached XP level 6. HP: 41/41 MP: 0/12
  3260 | D:4      | Found an opulent altar of Gozag.
  3277 | D:4      | Reached skill level 1 in Short Blades
  3338 | D:4      | Identified the +6 scale mail "Liofan" {Str+2}
  3860 | D:5      | Entered Level 5 of the Dungeon
  3863 | D:5      | Identified the +0 robe "Ifesuzu" {SInv}
  4020 | D:5      | Reached skill level 5 in Spellcasting
  4020 | D:5      | Reached skill level 5 in Ice Magic
  4437 | D:5      | HP: 1/42 [orc wizard/puff of flame (11)]
  4443 | D:5      | Reached XP level 7. HP: 3/47 MP: 9/14
  4639 | D:6      | Found a staircase to the Ecumenical Temple.
  4656 | Temple   | Entered the Ecumenical Temple
  4860 | D:6      | Found Nidosise's Assorted Antiques.
  4869 | D:6      | Bought a fuming blue potion for 24 gold pieces
  4869 | D:6      | Bought a viscous ruby potion for 24 gold pieces
  4869 | D:6      | Bought a glowing dagger for 135 gold pieces
  4869 | D:6      | Bought a cyan potion for 24 gold pieces
  4869 | D:6      | Bought a bronze wand for 108 gold pieces
  5003 | D:6      | Gained mutation: When hurt, damage is shared between your
                  | health and your magic reserves. [demonic ancestry]
  5003 | D:6      | Reached XP level 8. HP: 32/53 MP: 8/17
  5313 | D:6      | Found a burning altar of Makhleb.
  5437 | D:6      | Noticed Grinder
  5562 | D:5      | Learned a level 2 spell: Call Imp
  5576 | D:6      | Paralysed by Grinder for 4 turns
  5581 | D:6      | Killed Grinder
  5582 | D:6      | Reached skill level 1 in Fighting
  5582 | D:6      | Reached skill level 1 in Summonings
  5793 | D:7      | Noticed Joseph
  5811 | D:7      | Killed Joseph
  5873 | D:7      | Learned a level 2 spell: Blink
  6113 | D:7      | Found a shimmering altar of Xom.
  6132 | D:7      | Reached XP level 9. HP: 52/61 MP: 12/20
  6829 | D:8      | Noticed a two-headed ogre
  7143 | D:8      | Killed a two-headed ogre
  7146 | D:8      | Learned a level 1 spell: Magic Dart
  7359 | D:8      | Noticed a troll
  7366 | D:8      | Killed a troll
  7367 | D:8      | Gained mutation: When low on magic, you restore magic in
                  | place of health. [demonic ancestry]
  7367 | D:8      | Reached XP level 10. HP: 65/67 MP: 15/23
  7803 | Temple   | Became a worshipper of Uskayaw the Reveller
  8154 | D:8      | Noticed an entropy weaver
  8159 | D:8      | Reached * piety under Uskayaw
  8162 | D:8      | Reached ** piety under Uskayaw
  8164 | D:8      | Reached *** piety under Uskayaw
  8173 | D:8      | Noticed a centaur warrior
  8174 | D:8      | Noticed a centaur warrior
  8174 | D:8      | Noticed a boulder beetle
  8185 | D:8      | Reached **** piety under Uskayaw
  8187 | D:8      | Reached skill level 1 in Invocations
  8187 | D:8      | Killed a centaur warrior
  8187 | D:8      | Reached ***** piety under Uskayaw
  8195 | D:8      | Killed a centaur warrior
  8196 | D:8      | Reached skill level 1 in Armour
  8196 | D:8      | Reached ****** piety under Uskayaw
  8204 | D:8      | Mangled by a boulder beetle

Illustrated notes

Levels and vault maps discovered:
D:1:      dpeg_arrival_renting, layout_loops_corners,
          chequers_ecumenical_altar_island
D:2:      layout_basic
D:3:      layout_loops_ring, old_standard_altar, nicolae_underground_beach,
          uniq_jessica
D:4:      layout_gridville, lemuel_round_altar, minmay_misc_feat_nine_boxes
D:5:      layout_rooms
D:6:      layout_loops_cross, lightli_temple_of_fire,
          minmay_temple_entry_proselytizer, serial_shops, shop, serial_glass,
          glass_columns_a, glass_columns_b, minmay_strange_pillars,
          due_unseen_surprise, minmay_strange_pillars, item_on_display_b,
          uniq_grinder
D:7:      layout_gridville, xom_confusion_cloud, uniq_joseph
D:8:      minmay_chambers_of_sevens, layout_layer_cave, minmay_starry_boxes
Temple:   nicolae_temple_hex_pool

Skill      XL: |  1  2  3  4  5  6  7  8  9 10 |
---------------+-------------------------------+-----
Ice Magic      | 4 5 6 7 9 |  9.0
Spellcasting   | 3 4 5 6 7 9 |  9.7
Stealth        | 2 3 |  3.6
Dodging        | 2 3 4 |  4.0
Short Blades   | 1 2 3 |  3.6
Fighting       | 1 2 |  2.1
Summonings     | 1 3 |  3.3
Invocations    | 3 |  3.1
Armour         | 1 |  1.0
Unarmed Combat | |  0.3

Action                     |  1- 3 |  4- 6 |  7- 9 | 10-12 || total
---------------------------+-------+-------+-------+-------++-------
  Melee: Unarmed           |     2 |       |     2 |       ||     4
         Dagger            |    12 |    32 |   142 |    45 ||   231
         Punch             |       |       |     2 |       ||     2
   Cast: Freeze            |    57 |    57 |    36 |     4 ||   154
         Frozen Ramparts   |       |    11 |    28 |     9 ||    48
         Ozocubu's Armour  |       |     1 |       |       ||     1
         Summon Ice Beast  |       |       |    18 |     4 ||    22
         Call Imp          |       |       |     6 |       ||     6
    Use: Scroll            |       |    14 |     2 |       ||    16
         Potion            |       |     1 |     1 |       ||     2
   Stab: Sleeping          |     4 |     3 |       |       ||     7
         Distracted        |       |       |     2 |       ||     2
         Paralysed         |       |       |       |     1 ||     1
 Armour: Robe              |    31 |    21 |    63 |     8 ||   123
         Skin              |       |       |     2 |       ||     2
         Troll leather arm |       |       |       |    22 ||    22
  Dodge: Dodged            |    49 |    88 |   175 |    40 ||   352
         Repelled          |       |     2 |       |       ||     2
